 Dungeon Crawl Stone Soup version 0.30.0 (webtiles) character file.

Game seed: 10527238465551606592

43215 Cabbage the Prestidigitator (level 14, -14/99 (108) HPs)
             Began as a Human Artificer on Oct 16, 2023.
             Was an Elder of Makhleb.
             Killed from afar by an eidolon (27 damage)
             ... with a bolt of negative energy
             ... on level 2 of the Abyss.
             The game lasted 01:15:51 (22910 turns).

Cabbage the Prestidigitator (Human Artificer)      Turns: 22910, Time: 01:15:51

HP:   -14/99 (108)  AC: 15    Str:  8    XL:     14   Next: 59%
MP:   19/19         EV: 17    Int: 14    God:    Makhleb [****..]
Gold: 1445          SH:  7    Dex: 25    Spells: 13/13 levels left

rFire   . . .        a - +7 long sword of Desperation {flame, rElec Dex+6}
rCold   . . .        z - +0 buckler
rNeg    . . .        o - +0 steam dragon scales
rPois   .            f - +2 hat
rElec   +            S - +2 cloak
rCorr   .            r - +0 pair of gloves
SInv    +            i - +0 pair of boots
Will    +....        c - amulet "Acim" {Regen+ Int+2}
Stlth   ++++         W - ring of see invisible
HPRegen 0.00/turn    u - +4 ring of protection
MPRegen 0.16/turn

%: random rage (9%)
@: about to teleport, sick, drained
A: [berserk 2], [deformed body], [weak 2], [no potion heal 2]
a: Renounce Religion, Minor Destruction, Lesser Servant of Makhleb, Major
Destruction


You were on level 2 of the Abyss.
You worshipped Makhleb.
Makhleb was greatly pleased with you.
You visited 2 branches of the dungeon, and saw 16 of its levels.
You visited the Abyss 1 time.

You collected 1445 gold pieces.

Inventory:

Hand Weapons
 a - the +7 long sword of Desperation (weapon) {flame, rElec Dex+6}
   (You found it on level 9 of the Dungeon)

   Dex:       It affects your dexterity (+6).
   rElec:     It insulates you from electricity.
 b - a +2 sling of draining
 U - the +1 sling "Demonslayer" {flame, rC+++ rN+++ Will- Dex-3}
   (You found it on level 9 of the Dungeon)

   Dex:       It affects your dexterity (-3).
   rC:        It renders you almost immune to cold.
   rN:        It renders you almost immune to negative energy.
   Will:      It decreases your willpower.
Armour
 f - a +2 hat (worn)
 i - a +0 pair of boots (worn)
 o - +0 steam dragon scales (worn)
 r - a +0 pair of gloves (worn)
 z - a +0 buckler (worn)
 A - a +3 chain mail of cold resistance
 F - a +2 robe of resistance
 S - a +2 cloak (worn)
Jewellery
 c - the amulet "Acim" (around neck) {Regen+ Int+2}
   (You took it off an orc wizard on level 8 of the Dungeon)

   [amulet of regeneration]

   Int:       It affects your intelligence (+2).
   Regen:     It increases your rate of health regeneration.
 e - a ring of ice
 u - a +4 ring of protection (right hand)
 G - a ring of fire
 L - a ring of flight
 P - a ring of fire
 R - a +6 ring of dexterity
 W - a ring of see invisible (left hand)
 X - a ring of positive energy
Wands
 d - a wand of charming (5)
 j - a wand of digging (3)
 n - a wand of light (3)
 B - a wand of polymorph (21)
 H - a wand of roots (9)
 N - a wand of paralysis (10)
Scrolls
 g - a scroll of magic mapping
 k - 4 scrolls of torment
 l - a scroll of silence
 s - a scroll of brand weapon
 v - a scroll of immolation
 x - 8 scrolls of fog
 y - a scroll of poison
 C - 2 scrolls of enchant weapon
 K - 6 scrolls of teleportation
 O - a scroll of amnesia
 T - a scroll of identify
 V - a scroll of fear
 Y - 2 scrolls of enchant armour
Potions
 h - 2 potions of might
 m - a potion of mutation
 q - 5 potions of flight
 t - 2 potions of resistance
 w - 8 potions of heal wounds
 D - 3 potions of haste
 E - a potion of ambrosia {unknown}
 I - 3 potions of lignification
 J - 4 potions of attraction
 M - 6 potions of curing
 Q - a potion of berserk rage
 Z - a potion of cancellation {unknown}
Miscellaneous
 p - a phial of floods (inert)


   Skills:
 + Level 9.5 Fighting
 * Level 7.6 Long Blades
 - Level 1.9 Maces & Flails
 + Level 9.1 Ranged Weapons
 - Level 6.9 Armour
 - Level 6.8 Dodging
 - Level 7.2 Stealth
 + Level 5.4 Shields
 + Level 6.8 Invocations
 * Level 13.4 Evocations


You had 13 spell levels left.
You didn't know any spells.
Your spell library contained the following spells:

 Spells                   Type           Power      Damage    Failure   Level
 Necrotise                Necr           0%         1d4       38%         1
 Blink                    Tloc           0%         N/A       54%         2
 Ensorcelled Hibernation  Hex/Ice        0%         N/A       54%         2
 Lesser Beckoning         Tloc           0%         N/A       54%         2
 Momentum Strike          Conj/Tloc      0%         3d8       54%         2
 Ozocubu's Armour         Ice            0%         N/A       77%         3
 Portal Projectile        Hex/Tloc       0%         N/A       77%         3
 Spider Form              Tmut/Pois      0%         N/A       77%         3
 Stone Arrow              Conj/Erth      0%         3d7       77%         3
 Tukima's Dance           Hex            0%         N/A       77%         3
 Vampiric Draining        Necr           0%         2d6       77%         3
 Anguish                  Hex/Necr       0%         N/A       99%         4
 Animate Armour           Summ/Erth      0%         N/A       99%         4
 Agony                    Necr           0%         N/A       100%        5
 Blade Hands              Tmut           0%         N/A       100%        5
 Metabolic Englaciation   Hex/Ice        0%         N/A       100%        5
 Simulacrum               Ice/Necr       0%         N/A       100%        6
 Lehudib's Crystal Spear  Conj/Erth      0%         10d2      100%        8
 Polar Vortex             Ice            0%         N/A       100%        9


Dungeon Overview and Level Annotations

Branches:
Dungeon (15/15)            Temple (1/1) D:6            Lair (0/5) D:8
    Orc (0/2) D:9
 Vaults: D:13-14     Depths: D:15

Altars:
Ashenzari
Cheibriados
Dithmenos
Elyvilon
Fedhas
Gozag
Hepliaklqana
Kikubaaqudgha
Makhleb
Nemelex Xobeh
Okawaru
Qazlal
Ru
Sif Muna
Trog
Uskayaw
Vehumet
Wu Jian
Xom
Yredelemnul
Zin
The Shining One

Shops:
D:10 (

Annotations:
D:12 3 runed translucent doors, 333guts333's ghost, journeyman DgCj
D:13 3 runed translucent doors, PiratePeteNZ's ghost, journeyman HuMo


Innate Abilities, Weirdness & Mutations

[You have an uncontrollable temper.]
[Armour fits poorly on your strangely shaped body.]
[You are very weak. (Str -4)]
[Potions cannot restore your health.]


Message History

Aiming: Charm
Press: ? - help, Q - select action, (/) - cycle Shift-Dir - straight line, f - large abomination
Aim: a large abomination (chance to affect: 13%)
Okay, then.
Okay, then.
A demon appears!
Your orange demon stings the large abomination.
Your orange demon hits the large abomination.
The large abomination hits your orange demon!!
Your orange demon dies!
Your orange demon disappears in a puff of smoke!
Found a corrupted altar of Lugonu.
Your hellwing hits the large abomination.
Your hellwing barely misses the large abomination.
The large abomination hits your hellwing!
Your hellwing barely misses the large abomination.
Your hellwing hits the large abomination but does no damage.
The large abomination hits your hellwing!
You feel yourself slow down.
Your hellwing closely misses the large abomination. x2
The large abomination hits your hellwing but does no damage.
An eidolon comes into view.
The eidolon gives a chilling moan.
A balrug comes into view. It is wielding a +2 demon whip of pain.
A demon appears!
You block the large abomination's attack.
The eidolon stares piercingly at you. The bolt of negative energy hits you!!
You feel drained.
* * * LOW HITPOINT WARNING * * *
The eidolon hits you but does no damage.
The eidolon closely misses you.
Your hellwing swoops through the air toward the eidolon!
Your hellwing hits the eidolon!
Your hellwing closely misses the eidolon.
As you read the scroll of teleportation, it crumbles to dust.
You feel strangely unstable.
You feel the power of the Abyss delaying your translocation!
The eidolon stares piercingly at you. The bolt of negative energy hits you!!
You feel drained.
You die...

... ... .. ...
#.# #.#
###.####.#
.........#####
##...........#
........@....#
#.....WX....#
.#....4......#
2..#....######
......#.#
#.......#
#.##...X #
#....X......#
#..##.#... .#


You could see an eidolon (ally target), 3 large abominations and a friendly
hellwing (summoned).

Vanquished Creatures
  Harold (D:11)
  Fannar (D:11)
  A hydra (D:13)
  5 centaur warriors
  5 two-headed ogres
  Erica (D:11)
  7 boulder beetles
  A death knight (D:11)
  Amaemon (D:8)
  A wretched star (Abyss:2)
  2 necromancers (D:14)
  A deep elf pyromancer (D:9)
  4 ugly things
  7 cyclopes
  A manticore (D:14)
  Maurice (D:11)
  An orange demon (D:8)
  Joseph (D:7)
  6 gargoyles
  An unseen horror (D:11)
  Maggie (D:10)
  Psyche (D:8)
  A kobold demonologist (D:12)
  3 komodo dragons (D:8)
  10 trolls
  5 hornets
  A vampire (D:14)
  4 slime creatures
  7 wraiths
  28 yaks
  2 wyverns
  11 humans (D:14)
  2 steam dragons
  A human (shapeshifter) (D:13)
  Menkaure (D:7)
  Grum (D:8)
  4 vampire mosquitoes
  3 acid dragons
  Duvessa (D:6)
  An ice beast (D:5)
  2 black bears (D:6)
  8 orc warriors
  2 wolves (D:8)
  9 centaurs
  A kobold brigand (D:11)
  2 phantoms
  4 bullfrogs
  A scorpion (D:6)
  2 gnoll sergeants
  12 wights
  Dowan (D:6)
  15 killer bees
  7 howler monkeys
  4 hounds
  3 jellies
  2 gnoll boudas
  7 orc priests
  A sleepcap (D:7)
  14 orc wizards
  4 iguanas
  A centaur simulacrum (D:9)
  8 gnolls
  5 adders
  3 shadow imps
  3 white imps
  An ufetubus (Abyss:2)
  4 worms
  47 orcs
  5 bats
  3 endoplasms
  3 giant cockroaches
  7 goblins
  4 hobgoblins
  5 jackals (D:1)
  8 kobolds
  A quokka (D:5)
  5 ball pythons
  6 rats
357 creatures vanquished.

Vanquished Creatures (collateral kills)
  A hydra (D:13)
  A cyclops (D:9)
  A wyvern (D:9)
  A wight (D:9)
  A killer bee (D:7)
  An orc (D:10)
  2 jackals (D:1)
8 creatures vanquished.

Vanquished Creatures (others)
  An iguana (D:7)
  An endoplasm (D:1)
2 creatures vanquished.

Grand Total: 367 creatures vanquished

Notes
Turn   | Place    | Note
-------+----------+-------------------------------------------
     0 | D:1      | Cabbage the Human Artificer began the quest for the Orb.
     0 | D:1      | Reached XP level 1. HP: 15/15 MP: 1/1
   282 | D:1      | Reached XP level 2. HP: 21/21 MP: 2/2
  1014 | D:1      | Reached XP level 3. HP: 26/26 MP: 3/3
  2008 | D:2      | Reached XP level 4. HP: 9/32 MP: 4/4
  2828 | D:3      | Found a faded altar of an unknown god.
  3453 | D:3      | Found a glowing golden altar of the Shining One.
  3815 | D:3      | Reached skill level 4 in Evocations
  3815 | D:3      | Reached XP level 5. HP: 27/38 MP: 5/5
  3941 | D:4      | Reached XP level 6. HP: 39/45 MP: 6/6
  3942 | D:4      | Reached skill level 1 in Ranged Weapons
  4665 | D:5      | Entered Level 5 of the Dungeon
  4665 | D:5      | Noticed an ice beast
  5026 | D:5      | Reached XP level 7. HP: 38/42 MP: 7/7
  5371 | D:5      | Reached skill level 5 in Evocations
  5512 | D:5      | Identified the +3 robe "Vythuf" {Rampage Int-3 Archmagi}
  5789 | D:5      | Reached XP level 8. HP: 58/58 MP: 8/8
  6434 | D:6      | Found a staircase to the Ecumenical Temple.
  6449 | Temple   | Entered the Ecumenical Temple
  6537 | Temple   | Became a worshipper of Makhleb the Destroyer
  6842 | D:6      | Noticed Duvessa
  6855 | D:6      | Killed Duvessa
  6864 | D:6      | Reached skill level 6 in Evocations
  7091 | D:6      | Reached XP level 9. HP: 52/65 MP: 9/9
  7119 | D:6      | Noticed Dowan
  7126 | D:6      | Killed Dowan
  8018 | D:7      | Noticed Joseph
  8196 | D:7      | Killed Joseph
  8197 | D:7      | Reached skill level 7 in Evocations
  8354 | D:7      | Reached skill level 5 in Stealth
  8362 | D:7      | Reached * piety under Makhleb
  8363 | D:7      | Reached skill level 5 in Armour
  8585 | D:7      | Noticed Menkaure
  8613 | D:7      | Killed Menkaure
  8919 | D:6      | Reached skill level 5 in Fighting
  8997 | D:7      | Noticed a hornet
  9023 | D:6      | Killed a hornet
  9024 | D:6      | Reached skill level 5 in Dodging
  9024 | D:6      | Reached XP level 10. HP: 35/74 MP: 10/10
 10333 | D:7      | Reached skill level 8 in Evocations
 10819 | D:8      | Found a sparkling altar of Nemelex Xobeh.
 10868 | D:8      | Paralysed by a hornet for 2 turns
 11118 | D:8      | Noticed a two-headed ogre
 11133 | D:8      | Identified the amulet "Acim" {Regen+ Int+2}
 11162 | D:8      | Killed a two-headed ogre
 11163 | D:8      | Reached skill level 5 in Ranged Weapons
 11525 | D:8      | Noticed Grum
 11568 | D:8      | Killed Grum
 12152 | D:8      | Noticed Psyche
 12162 | D:8      | Killed Psyche
 12163 | D:8      | Reached skill level 9 in Evocations
 12163 | D:8      | Reached XP level 11. HP: 76/81 MP: 11/11
 12504 | D:8      | Noticed Amaemon
 12522 | D:8      | Killed Amaemon
 12623 | D:8      | Reached ** piety under Makhleb
 13216 | D:8      | Found a staircase to the Lair.
 13405 | D:9      | Noticed a red ugly thing
 13426 | D:9      | Found a shadowy altar of Dithmenos.
 13427 | D:9      | Found a hazy altar of Hepliaklqana.
 13441 | D:9      | Killed a red ugly thing
 13446 | D:9      | Noticed a centaur warrior
 13480 | D:9      | Noticed a cyclops
 13497 | D:9      | Killed a cyclops
 13500 | D:9      | Killed a centaur warrior
 13507 | D:9      | Reached skill level 10 in Evocations
 13958 | D:9      | Noticed a cyclops
 14079 | D:9      | Killed a cyclops
 14080 | D:9      | Reached skill level 1 in Invocations
 14101 | D:9      | Noticed a cyclops
 14113 | D:9      | Killed a cyclops
 14187 | D:9      | Noticed a two-headed ogre
 14203 | D:9      | Found a glowing golden altar of the Shining One.
 14203 | D:9      | Found a snail-covered altar of Cheibriados.
 14325 | D:9      | Found a glowing golden altar of the Shining One.
 14367 | D:9      | Reached XP level 12. HP: 87/91 MP: 13/13
 14685 | D:9      | Found a staircase to the Orcish Mines.
 14745 | D:9      | Reached skill level 1 in Maces & Flails
 14935 | D:9      | Found a hide-covered altar of Uskayaw.
 15040 | D:9      | Killed a two-headed ogre
 15058 | D:9      | Got The Magical History of Sif Muna
 15062 | D:9      | Identified the +1 sling "Demonslayer" {flame, rC+++ rN+++
                  | Will- Dex-3}
 15062 | D:9      | Identified the +7 long sword of Desperation {flame, rElec
                  | Dex+6}
 15071 | D:9      | Identified the +1 scale mail "Licrew" {Str+3}
 15375 | D:10     | Entered Level 10 of the Dungeon
 15600 | D:10     | Reached skill level 11 in Evocations
 15684 | D:10     | Noticed Maggie
 15697 | D:10     | Killed Maggie
 15698 | D:10     | Reached skill level 1 in Shields
 15851 | D:10     | Reached skill level 1 in Long Blades
 15862 | D:10     | Reached *** piety under Makhleb
 16386 | D:10     | Found Rifiut's Antique Weapon Shop.
 16409 | D:10     | Noticed a two-headed ogre
 16422 | D:10     | Killed a two-headed ogre
 16534 | D:10     | Noticed a two-headed ogre
 16637 | D:11     | Noticed Maurice
 16655 | D:11     | Killed Maurice
 16876 | D:10     | Found a snail-covered altar of Cheibriados.
 16877 | D:10     | Found a shimmering blue altar of Sif Muna.
 16879 | D:10     | Found an ornate altar of the Wu Jian Council.
 16881 | D:10     | Found a white marble altar of Elyvilon.
 16882 | D:10     | Found a basalt altar of Yredelemnul.
 17092 | D:10     | Found a hazy altar of Hepliaklqana.
 17299 | D:10     | Killed a two-headed ogre
 17477 | D:11     | Reached XP level 13. HP: 96/98 MP: 16/16
 17751 | D:11     | Found an iron altar of Okawaru.
 17852 | D:11     | Noticed Erica
 18145 | D:11     | Reached **** piety under Makhleb
 18178 | D:11     | Reached skill level 12 in Evocations
 18189 | D:11     | Noticed Harold
 18209 | D:11     | Paralysed by Harold for 2 turns
 18218 | D:11     | Killed Harold
 18219 | D:11     | Reached skill level 5 in Invocations
 18492 | D:10     | Reached skill level 5 in Long Blades
 19010 | D:11     | Killed Erica
 19140 | D:11     | Noticed Fannar
 19167 | D:11     | Killed Fannar
 20500 | D:12     | Found a runed translucent gate.
 20501 | D:12     | Found a runed translucent gate.
 20501 | D:12     | Noticed 333guts333's ghost (journeyman DgCj)
 20501 | D:12     | Identified the +0 plate armour "Tomutot" {rPois Dex+3}
 20502 | D:12     | Found a runed translucent gate.
 20831 | D:13     | Noticed an eight-headed hydra
 20842 | D:13     | Killed a four-headed hydra
 20843 | D:13     | Reached XP level 14. HP: 99/108 MP: 18/18
 21020 | D:13     | Found a runed translucent gate.
 21020 | D:13     | Found a runed translucent gate.
 21020 | D:13     | Found a runed translucent gate.
 21020 | D:13     | Found an ancient bone altar of Kikubaaqudgha.
 21020 | D:13     | Noticed a lich
 21020 | D:13     | Noticed a lich
 21021 | D:13     | Noticed PiratePeteNZ's ghost (journeyman HuMo)
 21021 | D:13     | Noticed a lich
 21021 | D:13     | Noticed a lich
 21413 | D:13     | Reached skill level 13 in Evocations
 21718 | D:13     | Reached skill level 5 in Shields
 22556 | D:14     | You fall into a shaft and drop 1 floor!
 22556 | D:15     | Entered Level 15 of the Dungeon
 22712 | Abyss:2  | Found a corrupted altar of Lugonu.
 22712 | Abyss:2  | Cast into level 2 of the Abyss (a wizard)
 22838 | Abyss:2  | Noticed a bone dragon
 22872 | Abyss:2  | Found a corrupted altar of Lugonu.
 22884 | Abyss:2  | Found a corrupted altar of Lugonu.
 22903 | Abyss:2  | Noticed a balrug
 22910 | Abyss:2  | Killed from afar by an eidolon

Illustrated notes

Levels and vault maps discovered:
D:1:      nicolae_arrival_escape_room, layout_basic,
          chequers_serial_rivers_micro_d
D:2:      layout_loops_corners, minmay_domino_4, uniq_crazy_yiuf_cottage
D:3:      layout_basic, mainiacjoe_overflow_cross_hatched,
          nicolae_ecumenical_pavilion
D:4:      layout_basic
D:5:      layout_basic
D:6:      layout_basic, minmay_temple_entry_offerings,
          small_statue_intersection, grunt_potential, uniq_duvessa
D:7:      layout_gridville, uniq_joseph, uniq_menkaure
D:8:      hangedman_cross_stitches, layout_loops_ring, kennysheep_little_box,
          erik_lair_dragon, uniq_psyche, uniq_amaemon, uniq_grum
D:9:      minmay_the_grid_octo_tiled_octocenter
          [minmay_the_grid_octo_fat_diamond,
          minmay_the_grid_octo_vomiting_pacman, minmay_the_grid_octo_shrine,
          minmay_the_grid_octo_odd_swirl,
          minmay_the_grid_octo_prize_square_snowflake,
          minmay_the_grid_square_5x5_percent,
          minmay_the_grid_square_5x5_minivault,
          minmay_the_grid_square_5x5_almost_minimal,
          minmay_the_grid_square_5x5_inner_v], layout_cave_pools, serial_rivers,
          chequers_serial_rivers_room_b, chequers_serial_rivers_room_b,
          chequers_serial_rivers_micro_a, chequers_serial_rivers_micro_b
D:10:     minmay_bubble_buster, layout_irregular_city,
          grunt_temple_overflow_open, nicolae_hepliaklqana_hippocampus,
          serial_shops, nicolae_shop_real_fake_doors, uniq_maggie
D:11:     cheibrodos_ideogram_h, layout_loops_corners,
          okawaru_altar_gauntlet_db, uniq_maurice, uniq_harold, uniq_erica,
          uniq_fannar
D:12:     layout_loops_corners, biasface_ghost_orc_armoury
D:13:     statuecave_lemuel, layout_gridville, gammafunk_ghost_crypt
D:14:     layout_rooms, grunt_vaults_entry_tiered, minmay_fountain_box,
          nrook_mini_vaults
D:15:     hangedman_depths_entry_try_elsewhere_first, layout_irregular_city,
          nicolae_uskayaw_murder_on_the_dancefloor
Temple:   compressed_dpeg_circular_temple
Abyss:2:  base:
D:5

Skill      XL: |  1  2  3  4  5  6  7  8  9 10 11 12 13 14 |
---------------+-------------------------------------------+-----
Fighting       | 2 3 4 5 6 7 8 9 |  9.5
Dodging        | 2 3 4 5 6 |  6.8
Stealth        | 2 3 4 5 6 7 |  7.2
Evocations     | 4 5 6 7 9 10 11 12 13 | 13.4
Ranged Weapons | 1 2 3 4 5 6 7 8 9 |  9.1
Armour         | 3 4 5 6 |  6.9
Invocations    | 1 4 5 6 |  6.8
Maces & Flails | 1 |  1.9
Shields        | 2 4 5 |  5.4
Long Blades    | 3 6 7 |  7.6

Action                     |  1- 3 |  4- 6 |  7- 9 | 10-12 | 13-15 || total
---------------------------+-------+-------+-------+-------+-------++-------
  Melee: Club              |    61 |       |       |       |       ||    61
         Short sword       |    20 |       |       |       |       ||    20
         Mace              |    34 |    30 |       |       |       ||    64
         Sling             |       |     1 |     1 |       |       ||     2
         Demon whip        |       |       |       |    76 |       ||    76
         Long sword        |       |       |       |   110 |   563 ||   673
   Fire: Sling             |     6 |   113 |   434 |   578 |    49 ||  1180
 Invoke: Lesser Servant of |       |       |       |     1 |     4 ||     5
  Evoke: Wand              |    11 |     2 |     8 |    35 |    19 ||    75
         Phial of floods   |       |       |       |       |     1 ||     1
    Use: Scroll            |       |    12 |     9 |     2 |     3 ||    26
         Potion            |       |     1 |       |       |     1 ||     2
   Stab: Sleeping          |     1 |       |       |     1 |    15 ||    17
         Paralysed         |       |       |       |     6 |    14 ||    20
         Invisible         |       |       |       |       |     2 ||     2
         Distracted        |       |       |       |       |     1 ||     1
 Armour: Leather armour    |    39 |    38 |    32 |       |       ||   109
         Robe              |       |       |   100 |     9 |       ||   109
         Steam dragon scal |       |       |       |   167 |   304 ||   471
  Dodge: Dodged            |    75 |    59 |   232 |   401 |   522 ||  1289
  Block: Buckler           |       |       |    49 |   117 |   241 ||   407
